 Dungeon Crawl Stone Soup version 0.18.1-8-gdd0e5ea (console) character file.

8220 2d6 the Nimble (level 10, -6/86 HPs)
             Began as a Demigod Wanderer on May 22, 2016.
             Mangled by an ice beast (9 damage)
             ... summoned by Fannar
             ... on level 1 of the Lair of Beasts.
             The game lasted 01:06:33 (14038 turns).

2d6 the Nimble (Demigod Wanderer)                  Turns: 14038, Time: 01:06:35

Health: -6/86      AC:  6    Str: 16    XL:     10   Next: 79%
Magic:  0/23       EV: 22    Int: 15    God:
Gold:   829        SH:  0    Dex: 28    Spells: 0 memorised, 9 levels left

rFire  . . .     SeeInvis .     a - +2 scimitar (slice)
rCold  . . .     Gourm    .     V - +1 robe "Numevus" {rPois Dex+5}
rNeg   . . .     Faith    .     (no shield)
rPois  +         Spirit   +     X - +1 helmet
rElec  .         Dismiss  .     f - +0 cloak
rCorr  .         Reflect  .     (no gloves)
SustAt +         Harm     .     (no boots)
MR     +....                    U - amulet of guardian spirit
Stlth  +++++.....               v - ring of magical power
                                S - ring of stealth

@: somewhat resistant to hostile enchantments, quite stealthy
A: agile 1, high mp 1, sustain attributes
a: no special abilities


You were on level 1 of the Lair of Beasts.
You were not hungry.

You visited 2 branches of the dungeon, and saw 11 of its levels.
You also visited: Ossuary.

You collected 829 gold pieces.

Inventory:

Hand Weapons
 a - a +2 scimitar of slicing (weapon)
 b - a +2 shortbow
 e - a +0 blowgun
 l - a +0 dagger of freezing
 q - a +0 dagger of venom
 L - a +2 short sword of distortion
 O - a +0 dagger of holy wrath
 Q - a +4 mace
 R - a +2 short sword of speed
Missiles
 c - 128 arrows
 d - 27 poisoned needles
 n - 262 stones
 F - 5 tomahawks (quivered)
Armour
 f - a +0 cloak (worn)
 m - a +0 ring mail
 p - the +3 hat of Pondering {ponderous, MR+ MP+10 Int+5}
   (You took it off Gastronok on level 1 of the Lair of Beasts)

   It affects your intelligence (+5).
   It affects your resistance to hostile enchantments.
   It affects your magic capacity (+10).
 y - a +1 scale mail
 V - the +1 robe "Numevus" (worn) {rPois Dex+5}
   (You found it on level 6 of the Dungeon)

   It affects your dexterity (+5).
   It protects you from poison.
 X - a +1 helmet (worn)
Jewellery
 v - a ring of magical power (right hand)
 G - an uncursed ring of resist corrosion
 S - a ring of stealth (left hand)
 U - an amulet of guardian spirit (around neck)
Wands
 i - a wand of slowing (12/48)
 k - a wand of polymorph (7/24)
 C - a wand of polymorph (18/24)
 H - a wand of flame (25/48)
 M - a wand of iceblast (7/15)
 W - a wand of digging (9/24)
Scrolls
 j - 6 scrolls of remove curse
 s - 2 scrolls of magic mapping
 J - 2 scrolls of identify
 P - 3 scrolls of enchant armour
 T - a scroll of fear
Potions
 h - 2 potions of might {unknown}
 o - 2 potions of brilliance
 t - a potion of ambrosia {unknown}
 x - a potion of lignification {unknown}
 z - a potion of haste {unknown}
 E - a potion of beneficial mutation {unknown}
 K - a potion of magic
 N - a potion of cancellation
Books
 r - a book of Annihilations

   Spells                             Type                      Level
   a - Poison Arrow                   Conjuration/Poison           6
   b - Chain Lightning                Conjuration/Air              8
   c - Lehudib's Crystal Spear        Conjuration/Earth            8
   d - Glaciate                       Conjuration/Ice              9
   e - Fire Storm                     Conjuration/Fire             9
 Z - a book of Unlife

   Spells                             Type                      Level
   a - Recall                         Summoning/Translocation      3
   b - Animate Dead                   Necromancy                   4
   c - Control Undead                 Necromancy                   4
   d - Cigotuvi's Embrace             Necromancy                   5
   e - Death Channel                  Necromancy                   6
   f - Simulacrum                     Ice/Necromancy               6
Comestibles
 g - 9 bread rations
 u - 5 chunks of flesh
 D - 2 beef jerkies
 Y - 2 meat rations


   Skills:
 + Level 7.4 Fighting
 - Level 3.7(5.0) Short Blades
 + Level 5.1(5.7) Long Blades
 + Level 7.2 Bows
   Level 1.0 Crossbows
 - Level 2.3 Throwing
 - Level 3.0 Armour
 * Level 8.3 Dodging
 + Level 5.3 Stealth
 - Level 1.3 Evocations


You had 9 spell levels left.
You didn't know any spells.

Dungeon Overview and Level Annotations

Branches:
Dungeon (10/15)            Temple (0/1) D:5            Lair (1/8) D:10
    Orc: D:9-12

Annotations:
Lair:1 Fannar


Innate Abilities, Weirdness & Mutations

You have an increased reservoir of magic (+10% MP).
Your attributes are resistant to harm.
You are agile. (Dex +2)


Message History

Press: ? - help, Shift-Dir - straight line, f/p - Fannar
Aim: Fannar, wielding a quarterstaff of freezing, wearing a robe of cold resistance and wearing a ring of ice (severely wounded, covered in an icy film)
The puff of flame hits Fannar.
The heat melts Fannar's icy armour.
Fannar is severely wounded.
This wand has 25 charges left.
The ice beast barely misses you. x2
The ice beast hits you.
* * * LOW HITPOINT WARNING * * *
The ice beast freezes you!
* * * LOW HITPOINT WARNING * * *
Press: ? - help, v - describe, . - travel
Here: Fannar, wielding a quarterstaff of freezing, wearing a robe of cold resistance and wearing a ring of ice (severely wounded, covered in an icy film)
The floor, spattered with blood.
You miss Fannar.
Fannar is severely wounded.
The ice beast completely misses you. Fannar closely misses you.
The ice beast completely misses you. The ice beast closely misses you.
The ice beast hits you.
* * * LOW HITPOINT WARNING * * *
The ice beast freezes you!
You die...

#......... #
##....................
#.....................
##.....................
#......................
##......................
#............P..........
##..........P.Ye........
#............Y@Y.......
###......................
#...........#............
##..........####..#......
####.....### #####...#.
##...## .### #..P# #
#####


You could see Fannar and 3 ice beasts.

Vanquished Creatures
  Gastronok (Lair:1)
  Psyche (D:8)
  2 spiny frogs (Lair:1)
  A komodo dragon (Lair:1)
  The ghost of 2d6 the Charlatan, an amateur DDAr (D:5)
  A blink frog (D:9)
  Sigmund (D:2)
  2 hippogriffs
  Menkaure (D:4)
  A water moccasin (Lair:1)
  3 porcupines (Lair:1)
  An orc warrior (D:6)
  A black bear (D:5)
  3 sky beasts
  An ice beast (D:9)
  2 phantoms
  3 ogres
  3 wolves
  2 centaurs
  A crocodile (Lair:1)
  8 giant frogs
  2 wyvern skeletons
  5 scorpions
  5 crimson imps
  4 centaur zombies
  4 hounds
  A jelly (D:6)
  3 giant frog skeletons
  3 orc priests
  4 orc wizards
  A centaur skeleton (D:7)
  Terence (D:1)
  8 iguanas
  3 worker ants
  2 big kobold zombies (Ossuary)
  2 hound zombies
  A hound skeleton (D:5)
  2 mummies (Ossuary)
  2 worker ant zombies
  9 river rats
  8 adders
  3 shadow imps
  An adder skeleton (D:4)
  4 worms
  5 dart slugs
  8 giant geckos
  26 orcs
  A ball python (D:3)
  11 bats
  5 giant cockroaches
  11 goblins
  4 hobgoblins
  11 jackals
  6 kobolds
  6 quokkas
  A giant gecko skeleton (D:8)
  A giant gecko zombie (D:9)
  10 giant newts
  A gnoll zombie (Ossuary)
  2 goblin zombies (Ossuary)
  A hobgoblin zombie (Ossuary)
  4 orc zombies (Ossuary)
  A quokka skeleton (D:6)
  11 rats
244 creatures vanquished.

Vanquished Creatures (others)
  An orc wizard (D:5)
  A big kobold zombie (Ossuary)
  An orc (D:6)
  A giant gecko zombie (D:5)
  A gnoll zombie (Ossuary)
5 creatures vanquished.

Grand Total: 249 creatures vanquished

Notes
Turn   | Place    | Note
--------------------------------------------------------------
     0 | D:1      | 2d6 the Demigod Wanderer began the quest for the Orb.
     0 | D:1      | 2d6 set off with: a +2 shortbow, 21 arrows, a +0 mace, 12 poisoned needles, a +0 blowgun, a +0 robe, a bread ration
     0 | D:1      | Reached XP level 1. HP: 18/18 MP: 3/3
   523 | D:1      | Reached XP level 2. HP: 20/26 MP: 4/4
  1316 | D:1      | Reached XP level 3. HP: 27/31 MP: 5/5
  1519 | D:2      | Noticed Sigmund
  1520 | D:2      | Noticed Terence
  1543 | D:1      | Killed Terence
  1841 | D:2      | Killed Sigmund
  1841 | D:2      | Reached XP level 4. HP: 38/38 MP: 6/6
  1841 | D:2      | Reached XP level 5. HP: 45/45 MP: 7/7
  2817 | D:3      | Reached XP level 6. HP: 29/52 MP: 8/8
  2836 | D:3      | Found a glowing drain.
  3899 | D:4      | Reached skill level 1 in Short Blades
  4139 | D:4      | Noticed Menkaure
  4151 | D:4      | Killed Menkaure
  4689 | D:4      | Reached skill level 1 in Dodging
  4763 | D:4      | Reached XP level 7. HP: 55/59 MP: 9/9
  5795 | D:5      | Entered Level 5 of the Dungeon
  5921 | D:5      | Reached skill level 2 in Dodging
  5968 | D:5      | Found a sand-covered staircase.
  5987 | D:5      | Found a staircase to the Ecumenical Temple.
  6013 | Ossuary  | Entered an ossuary
  6460 | D:5      | Reached XP level 8. HP: 61/67 MP: 10/10
  6463 | D:5      | Noticed 2d6's ghost (amateur DDAr)
  6850 | D:5      | Reached skill level 5 in Fighting
  7148 | D:5      | Killed 2d6's ghost
  7148 | D:5      | Reached skill level 3 in Dodging
  7537 | D:6      | Found a radiant altar of Vehumet.
  7552 | D:6      | Found a snail-covered altar of Cheibriados.
  7600 | D:6      | Got a thick robe
  7611 | D:6      | Identified the +1 robe "Numevus" {rPois Dex+5} (You found it on level 6 of the Dungeon)
  7630 | D:6      | Reached skill level 5 in Bows
  7706 | D:6      | Found an opulent altar of Gozag.
  7995 | D:6      | Reached skill level 1 in Long Blades
  8060 | D:6      | Found a stormy altar of Qazlal.
  8060 | D:6      | Found an iron altar of Okawaru.
  8305 | D:6      | Found a glowing silver altar of Zin.
  8329 | D:6      | Found a sacrificial altar of Ru.
  8590 | D:7      | Reached skill level 4 in Dodging
  9147 | D:7      | Reached XP level 9. HP: 45/75 MP: 11/11
  9710 | D:8      | Reached skill level 5 in Dodging
  9834 | D:8      | Gained mutation: You are agile. (Dex +2) [mutagenic meat]
 10314 | D:8      | Noticed Psyche
 10327 | D:8      | HP: 2/75 [something (18)]
 10329 | D:8      | Killed Psyche
 10640 | D:8      | Reached skill level 6 in Dodging
 10674 | D:8      | Found a burning altar of Makhleb.
 11617 | D:10     | Entered Level 10 of the Dungeon
 12076 | D:10     | Reached XP level 10. HP: 83/84 MP: 13/13
 12207 | D:10     | Found a staircase to the Lair.
 12221 | Lair:1   | Entered Level 1 of the Lair of Beasts
 12234 | Lair:1   | Reached skill level 7 in Dodging
 12306 | Lair:1   | Reached skill level 1 in Evocations
 12800 | Lair:1   | Noticed Gastronok
 12802 | Lair:1   | Noticed Fannar
 13392 | Lair:1   | Killed Gastronok
 13392 | Lair:1   | Reached skill level 5 in Long Blades
 13392 | Lair:1   | Reached skill level 8 in Dodging
 13392 | Lair:1   | Reached skill level 5 in Stealth
 14038 | Lair:1   | HP: 3/86 [ice beast[Fannar] (3)]
 14038 | Lair:1   | Mangled by an ice beast

Skill      XL: |  1  2  3  4  5  6  7  8  9 10 |
---------------+-------------------------------+-----
Fighting       | 3 4 5 6 7 |  7.4
Bows           | 2 3 4 5 6 7 |  7.2
Armour         | 2 3 |  3.0
Throwing       | 2 |  2.3
Stealth        | 2 3 4 5 |  5.3
Short Blades   | 1 3 |  3.7
Dodging        | 1 2 4 6 8 |  8.3
Long Blades    | 2 4 5 |  5.1
Evocations     | 1 |  1.3
Crossbows      | |  1.0

Action                   |  1- 3 |  4- 6 |  7- 9 | 10-12 || total
-------------------------+-------+-------+-------+-------++-------
Melee: Dagger            |    86 |       |    25 |       ||   111
       Mace              |     1 |       |       |       ||     1
       Short sword       |     2 |   266 |   252 |       ||   520
       Scimitar          |       |       |   232 |   177 ||   409
 Fire: Shortbow          |    28 |    23 |    58 |    58 ||   167
Throw: Stone             |       |       |     6 |       ||     6
       Tomahawk          |       |       |       |     1 ||     1
Evoke: Wand              |       |       |     2 |     6 ||     8
  Use: Scroll            |     2 |     7 |     9 |     4 ||    22
       Potion            |       |     3 |     3 |     6 ||    12
 Stab: Sleeping          |       |     6 |    13 |     3 ||    22
  Eat: Chunk             |     3 |     9 |    20 |     3 ||    35
       Pizza             |       |       |     1 |       ||     1
       Beef jerky        |       |       |     1 |       ||     1
       Fruit             |       |       |     2 |       ||     2
       Bread ration      |       |       |       |     1 ||     1
Armor: Robe              |    15 |       |    54 |    36 ||   105
       Ring mail         |    26 |    63 |       |       ||    89
       Scale mail        |       |     7 |    71 |       ||    78
Dodge: Dodged            |    52 |   117 |   349 |   314 ||   832

Vault maps used:
D:1:      erik_arrival_cave_to_civilisation, serial_forest,
          infiniplex_forest_clump_C, infiniplex_forest_corner_1,
          infiniplex_forest_fountain, infiniplex_forest_straight_1,
          infiniplex_forest_lined_room_, infiniplex_forest_clump_long,
          infiniplex_forest_straight_3, infiniplex_forest_straight_1,
          infiniplex_forest_clump_small, supply_closet_lemuel, roderic_lattice_a
D:2:      uniq_terence, uniq_sigmund
D:3:      portal_sewer_entry_c
D:4:      kennysheep_spiral_hall, first_bread, uniq_menkaure
D:5:      minmay_temple_entry_butterflies, nicolae_ossuary_entry_false_entrances
D:6:      nicolae_overflow_quartered_altars, gammafunk_temple_overflow_wave,
          grunt_gozag_breadcrumbs
D:7:      lemuel_upstairs_altar
D:8:      marbit_many_paths, uniq_psyche
D:10:     erik_lair_island, grunt_livestock
Lair:1:   uniq_fannar, uniq_gastronok
Ossuary:  minmay_ossuary_gauntlet
